 Dungeon Crawl Stone Soup version 0.28.0-1-gb440e238dd (webtiles) character file.

Game seed: 11730903467257834318

6 cbfl8 the Skirmisher (level 1, -3/30 HPs)
             Began as a Minotaur Berserker on Feb 22, 2022.
             Was a Follower of Trog.
             Slain by a gnoll (7 damage)
             ... on level 1 of the Dungeon.
             The game lasted 00:00:24 (81 turns).

cbfl8 the Skirmisher (Minotaur Berserker)             Turns: 81, Time: 00:00:24

Health: -3/30      AC:  2    Str: 21    XL:     1   Next: 75%
Magic:  0/0        EV: 12    Int:  4    God:    Trog [*.....]
Gold:   0          SH:  0    Dex:  9    Spells: 0/0 levels left

rFire   . . .      SeeInvis .   a - +0 hand axe
rCold   . . .      Faith    .   (no shield)
rNeg    . . .      Spirit   .   b - +0 animal skin
rPois   .          Reflect  .   (helmet restricted)
rElec   .          Harm     .   (no cloak)
rCorr   .          Rampage  .   (no gloves)
Will    .....                   (no boots)
Stlth   ..........              (no amulet)
HPRegen 0.10/turn               (no ring)
MPRegen 0.07/turn               (no ring)

@: berserking, very quick
A: horns 2, retaliatory headbutt
a: Renounce Religion, Berserk


You were on level 1 of the Dungeon.
You worshipped Trog.
Trog was aware of your devotion.
You visited 1 branch of the dungeon, and saw 1 of its levels.

Inventory:

Hand Weapons
 a - a +0 hand axe (weapon)
Armour
 b - a +0 animal skin (worn)
Scrolls
 c - a scroll of enchant armour {unknown}


   Skills:
 + Level 3.9 Fighting
 + Level 3.8 Axes
 + Level 2.5 Armour
 + Level 2.2 Dodging


You couldn't memorise any spells.
You didn't know any spells.
Your spell library was empty.

Dungeon Overview and Level Annotations

Branches:
Dungeon (1/15)

Altars:


Innate Abilities, Weirdness & Mutations

You have a pair of horns on your head.
You reflexively headbutt those who attack you in melee.


Message History

The ball python misses you.
A hobgoblin comes into view.
You closely miss the ball python.
The hobgoblin shouts!
You hit the endoplasm.
A bat comes into view.
The endoplasm barely misses you. You furiously retaliate!
You headbutt the endoplasm!
You kill the endoplasm!
Trog accepts your kill. The ball python bites you. The ball python grabs you.
The ball python constricts you.
You escape the ball python's grasp.
The bat barely misses you.
The kobold throws a stone.
The stone hits you but does no damage. The bat hits you but does no damage.
The bat closely misses you. The bat misses you. You furiously retaliate!
You headbutt the bat!
You kill the bat!
Trog accepts your kill.
You hit the ball python.
You kill the ball python!
Trog accepts your kill.
You aren't carrying any potions.
The gnoll hits you from afar with a +3 spear.
The gnoll hits you from afar with a +3 spear!
The kobold throws a stone.
The stone closely misses you.
The kobold throws a stone.
The stone misses you. The gnoll closely misses you.
A red film seems to cover your vision as you go berserk!
You feel yourself moving faster!
You feel mighty!
The gnoll hits you from afar with a +3 spear!
* * * LOW HITPOINT WARNING * * *
You feel a strong urge to attack something.
The gnoll hits you from afar with a +3 spear.
* * * LOW HITPOINT WARNING * * *
You barely miss the hobgoblin. You slash the hobgoblin!
You kill the hobgoblin!
Trog accepts your kill.
The gnoll hits you from afar with a +3 spear!
You die...

........###........##.
........##..#.......# .
........#..##......###.#
.......##..##...........
......###..#####........
.....## #..# #...###..
#.#######..# #gK.# .
...#.......# ##...####.
#.#........# #.@.......
.#..######## ##...####.
...## #...# #.## #.....
## ######.. #


You could see a gnoll and a kobold.

Vanquished Creatures
  A ball python (D:1)
  An endoplasm (D:1)
  A giant cockroach (D:1)
  A goblin (D:1)
  A hobgoblin (D:1)
  A bat (D:1)
6 creatures vanquished.

Notes
Turn   | Place    | Note
-------+----------+-------------------------------------------
     0 | D:1      | cbfl8 the Minotaur Berserker began the quest for the Orb.
     0 | D:1      | Reached XP level 1. HP: 19/19 MP: 0/0
    81 | D:1      | Slain by a gnoll

Illustrated notes

Levels and vault maps discovered:
D:1:      psy_arrival_dodecagon, layout_basic, basic_ecumenical_altar,
          minmay_three_crescents

Action                   || total
-------------------------++-------
Melee: Hand axe          ||     5
Invok: Berserk           ||     1
Armor: Animal skin       ||     3
Dodge: Dodged            ||    13
